 Dungeon Crawl Stone Soup version 0.27.1-1-g398f81649c (webtiles) character file.

Game seed: 11769101173501613305

3 funkygono the Firebug (level 1, -2/10 HPs)
             Began as a Gargoyle Fire Elementalist on Sept 21, 2021.
             Slain by a bullfrog skeleton (3 damage)
             ... on level 2 of the Dungeon.
             The game lasted 00:00:28 (123 turns).

funkygono the Firebug (Gargoyle Fire Elementalist)   Turns: 123, Time: 00:00:28

Health: -2/10      AC:  4    Str: 11    XL:     1   Next: 50%
Magic:  1/3        EV: 11    Int: 15    God:
Gold:   0          SH:  0    Dex: 10    Spells: 3/4 levels left

rFire    . . .     SeeInvis .   (no weapon)
rCold    . . .     Faith    .   (no shield)
rNeg     + . .     Spirit   .   a - +0 robe
rPois    ∞         Reflect  .   (no helmet)
rElec    +         Harm     .   (no cloak)
rCorr    .         Rampage  .   (no gloves)
Will     .....                  (no boots)
Stlth    ++........             (no amulet)
HPRegen  0.03/turn              (no ring)
MPRegen  0.08/turn              (no ring)

@: no status effects
A: sickness immunity, AC +2, negative energy resistance 1, electricity
resistance, torment resistance 1, petrification resistance
a: no special abilities


You were on level 2 of the Dungeon.
You visited 1 branch of the dungeon, and saw 2 of its levels.

Inventory:

Armour
 a - a +0 robe (worn)


   Skills:
 + Level 1.5 Dodging
 - Level 2.1 Stealth
 * Level 2.1 Spellcasting
 * Level 1.1 Conjurations
 * Level 3.1 Fire Magic


You had 3 spell levels left.
You knew the following spells:

 Your Spells              Type           Power      Damage    Failure   Level
a - Foxfire               Conj/Fire      28%        2x1d5     10%         1

Your spell library contained the following spells:

 Spells                   Type           Power      Damage    Failure   Level
 Conjure Flame            Conj/Fire      7%         6-21      28%         3
 Inner Flame              Hex/Fire       6%         N/A       34%         3
 Sticky Flame             Conj/Fire      7%         2d3       67%         4
 Fireball                 Conj/Fire      3%         3d4       95%         5


Dungeon Overview and Level Annotations

Branches:
Dungeon (1/15)

Altars:


Innate Abilities, Weirdness & Mutations

You are immune to sickness and miasma.
Your stone body is resilient. (AC +2)
You are immune to poison.
You resist negative energy. (rN+)
You are resistant to electric shocks. (rElec)
You are resistant to unholy torment.
You are immune to petrification.


Message History

A bullfrog skeleton comes into view.
The frilled lizard hisses.
Found 13 arrows.
Found an escape hatch in the floor.
Casting: Foxfire (safe; 10% risk of failure)
Confirm with . or Enter, or press ? or * to list all spells.
You conjure some foxfire!
The bullfrog skeleton hits you.
The foxfire hits the frilled lizard.
You kill the frilled lizard!
The foxfire hits the bullfrog skeleton.
The bullfrog skeleton is lightly damaged.
The bullfrog skeleton hits you.
* * * LOW HITPOINT WARNING * * *
The bullfrog skeleton barely misses you.
The bullfrog skeleton barely misses you.
The bullfrog skeleton hits you.
* * * LOW HITPOINT WARNING * * *
The bullfrog skeleton barely misses you.
The bullfrog skeleton closely misses you.
Casting: Foxfire (safe; 10% risk of failure)
Confirm with . or Enter, or press ? or * to list all spells.
You conjure some foxfire!
The bullfrog skeleton closely misses you.
The foxfire hits the bullfrog skeleton.
The bullfrog skeleton is moderately damaged.
The foxfire hits the bullfrog skeleton.
The bullfrog skeleton is heavily damaged.
You aren't carrying any potions.
Casting: Foxfire (safe; 10% risk of failure)
Confirm with . or Enter, or press ? or * to list all spells.
You conjure some foxfire!
The foxfire hits the bat.
You kill the bat!
The bullfrog skeleton barely misses you.
The bullfrog skeleton closely misses you.
Unknown command.
You hit the bullfrog skeleton.
The bullfrog skeleton is heavily damaged.
The foxfire hits the bullfrog skeleton.
The bullfrog skeleton is severely damaged.
The bullfrog skeleton hits you.
You die...

######## ####
#...†@.###### ...#
#.##.Z.......
.#.#########.##.#.######
#............##.#.#
##.############.#.# ##.#
########.#.# #.b#
#........#.# #>#.#
#.########.# .##)# #.#
.#


You could see a bullfrog skeleton.

Vanquished Creatures
  A bat (D:2)
  2 frilled lizards (D:2)
  A kobold (D:2)
4 creatures vanquished.

Vanquished Creatures (others)
  11 foxfires (D:2)
11 creatures vanquished.

Grand Total: 15 creatures vanquished

Notes
Turn   | Place    | Note
-------+----------+-------------------------------------------
     0 | D:1      | funkygono the Gargoyle Fire Elementalist began the quest
                  | for the Orb.
     0 | D:1      | Reached XP level 1. HP: 10/10 MP: 3/3
    10 | D:1      | You fall into a shaft and drop 1 floor!
   123 | D:2      | Slain by a bullfrog skeleton

Illustrated notes

Levels and vault maps discovered:
D:1:      elethiomel_arrival_quiet, layout_loops_corners, minmay_tromino_i4
D:2:      layout_loops_ring

Action                   || total
-------------------------++-------
Melee: Unarmed           ||     1
 Cast: Foxfire           ||     7
Dodge: Dodged            ||    11
